 Dungeon Crawl Stone Soup version 0.21.1-1-g345015f (webtiles) character file.

112 inc the Sneak (level 4, -4/27 HPs)
             Began as an Octopode Enchanter on Apr 23, 2018.
             Slain by an ogre
             ... wielding a +0 giant club
              (26 damage)
             ... on level 4 of the Dungeon.
             The game lasted 00:02:46 (2295 turns).

inc the Sneak (Octopode Enchanter)                  Turns: 2295, Time: 00:02:47

Health: -4/27      AC:  1    Str:  7    XL:     4   Next: 95%
Magic:  7/7        EV: 13    Int: 18    God:
Gold:   88         SH:  0    Dex: 12    Spells: 6/7 levels left

rFire    . . .     SeeInvis .   a - +1 dagger
rCold    . . .     Gourm    .   (no shield)
rNeg     . . .     Faith    .   (helmet restricted)
rPois    .         Spirit   .   (no amulet)
rElec    .         Reflect  .   (no ring)
rCorr    .         Harm     .   (no ring)
MR       .....                  (no ring)
Stlth    +++++.....             (no ring)
HPRegen  0.09/turn              (no ring)
MPRegen  0.10/turn              (no ring)
                                (no ring)
                                (no ring)

@: no status effects
A: almost no armour, stealthy swim, amphibious, 8 rings, constrict 8, camouflage
1, gelatinous body 1
a: no special abilities


You were on level 4 of the Dungeon.
You were not hungry.

You visited 1 branch of the dungeon, and saw 4 of its levels.

You collected 88 gold pieces.

Inventory:

Hand Weapons
 a - a +1 dagger (weapon)
Jewellery
 e - an uncursed ring of resist corrosion {unknown}
 i - an uncursed ring of positive energy {unknown}
 m - a +5 ring of evasion {unknown}
 r - a +3 ring of dexterity {unknown}
Scrolls
 d - 2 scrolls of fear {unknown}
 f - a scroll of blinking {unknown}
 k - 3 scrolls of identify {unknown}
 o - a scroll of enchant armour {unknown}
 q - 2 scrolls of remove curse {unknown}
Potions
 g - 2 potions of haste {unknown}
 h - 3 potions of flight {unknown}
 j - 5 potions of brilliance {unknown}
 l - a potion of curing {unknown}
 n - a potion of resistance {unknown}
 s - a potion of agility {unknown}
Books
 b - a book of Maledictions

   Spells                             Type                      Level
   a - Corona                         Hexes                        1
   b - Ensorcelled Hibernation        Hexes/Ice                    2
   c - Confuse                        Hexes                        3
   d - Tukima's Dance                 Hexes                        3
   e - Dazzling Spray                 Conjuration/Hexes            3
Comestibles
 c - 6 rations
 p - a chunk of flesh


   Skills:
 - Level 1.0 Short Blades
 - Level 2.0 Dodging
 + Level 7.7 Stealth
 - Level 2.0 Spellcasting
 - Level 3.0 Hexes


You had 6 spell levels left.
You knew the following spells:

 Your Spells              Type           Power        Failure   Level  Hunger
a - Corona                Hex            ##.....      5%          1    #......


Dungeon Overview and Level Annotations

Branches:
Dungeon (4/15)
 Temple: D:4-7

Altars:
Ashenzari
Dithmenos
Qazlal
Trog


Innate Abilities, Weirdness & Mutations

You cannot wear most types of armour.
You are very stealthy in the water. (Stealth+)
You are amphibious.
You can wear up to eight rings at the same time.
You can use your tentacles to constrict eight enemies at once.
Your skin changes colour to match your surroundings (Stealth+).
Your rubbery body absorbs attacks. (AC +1, EV +1)


Message History

You impale the leopard gecko!!
You kill the leopard gecko!
Found a stone staircase leading down.
Found a glowing leather armour.
Found a shattered altar of Ashenzari.
An ogre comes into view. It is wielding a giant club.
Found a scroll labeled JUWKO DYCE.
The helpless ogre fails to defend itself.
You impale the ogre!!
The ogre is severely wounded.
The ogre barely misses you.
You hit the ogre.
The ogre is severely wounded.
You hit the ogre.
The ogre is almost dead.
The ogre hits you with a giant club.
You barely miss the ogre. You squeeze the ogre.
The ogre is almost dead.
The ogre hits you with a giant club!!
Ouch! That really hurt!
You die...

#.##.#
##.###..###.#.##
#...<..
>.......#......#
.#. ..
..##........#..
.# #.####...###.
...#⌠.#.+#..⌠..
#....#...........
#.#####.......###
..#...........#
#.?.+.@._...+
#...#O........
### #.......##.
.........#
#⌠...'##.⌠#
###.... ###
.#...# . ...#


You could see an ogre.

Vanquished Creatures
  A hound (D:4)
  3 adders
  3 dart slugs (D:1)
  4 leopard geckos
  11 bats
  2 giant cockroaches
  5 goblins
  6 hobgoblins
  2 quokkas (D:2)
  A frilled lizard (D:2)
  2 kobolds
  7 rats
47 creatures vanquished.

Notes
Turn   | Place    | Note
-------+----------+-------------------------------------------
     0 | D:1      | inc the Octopode Enchanter began the quest for the Orb.
     0 | D:1      | Reached XP level 1. HP: 11/11 MP: 3/3
   229 | D:1      | Reached XP level 2. HP: 17/17 MP: 5/5
   233 | D:1      | Reached skill level 5 in Stealth
   784 | D:1      | Reached XP level 3. HP: 17/21 MP: 6/6
  1235 | D:2      | Reached skill level 6 in Stealth
  1602 | D:2      | Found a shadowy altar of Dithmenos.
  1672 | D:2      | Reached XP level 4. HP: 26/27 MP: 7/7
  1846 | D:2      | Found a stormy altar of Qazlal.
  2153 | D:3      | Reached skill level 7 in Stealth
  2236 | D:4      | Found a bloodstained altar of Trog.
  2261 | D:4      | Noticed a phantom
  2285 | D:4      | Found a shattered altar of Ashenzari.
  2286 | D:4      | Noticed an ogre
  2295 | D:4      | Slain by an ogre

Skill      XL: |  1  2  3  4 |
---------------+-------------+-----
Stealth        | 5 6 7 |  7.7
Short Blades   | |  1.0
Dodging        | |  2.0
Spellcasting   | |  2.0
Hexes          | |  3.0

Action                   |  1- 3 |  4- 6 || total
-------------------------+-------+-------++-------
Melee: Dagger            |    74 |    23 ||    97
       Tentacles         |     8 |     3 ||    11
       Constrict         |    11 |     3 ||    14
 Stab: Sleeping          |    14 |     5 ||    19
  Eat: Chunk             |     2 |     2 ||     4
Armor: Skin              |     5 |     4 ||     9
Dodge: Dodged            |    38 |     9 ||    47
